 Dungeon Crawl Stone Soup version 0.27-a0-341-g40fdf68bc5 (webtiles) character file.

Game seed: 9528843811015811792

1635 EnegeticOcto the Basher (level 9, -2/58 HPs)
             Began as a Halfling Earth Elementalist on Feb 14, 2021.
             Slain by a killer bee (4 damage)
             ... on level 9 of the Dungeon.
             The game lasted 00:18:01 (2534 turns).

EnegeticOcto the Basher (HaEE)                      Turns: 2534, Time: 00:18:01

Health: -2/58      AC:  7    Str:  9    XL:     9   Next: 18%
Magic:  8/11       EV: 30    Int: 16    God:
Gold:   181        SH:  0    Dex: 17    Spells: 7/11 levels left

rFire    . . .     SeeInvis .   e - +2 flail (protect)
rCold    . . .     Faith    .   (shield restricted)
rNeg     . . .     Spirit   .   i - +2 leather armour {rPois}
rPois    +         Reflect  .   a - +1 helmet
rElec    .         Harm     .   (no cloak)
rCorr    .         Rampage  .   (no gloves)
Will     .....                  (no boots)
Stlth    ++........             p - amulet of the acrobat
HPRegen  0.19/turn              (no ring)
MPRegen  0.12/turn              (no ring)

@: lethally poisoned (-2 -> -9), acrobat
A: small, agile 1, mutation resistance 1
a: no special abilities


You were on level 9 of the Dungeon.
You visited 1 branch of the dungeon, and saw 9 of its levels.

You collected 286 gold pieces.
You spent 105 gold pieces at shops.

Inventory:

Hand Weapons
 e - a +2 flail of protection (weapon)
   (You took it off Edmund on level 5 of the Dungeon)
 f - a +0 whip
   (You took it off a gnoll on level 1 of the Dungeon)
 n - a +2 whip of draining
   (You took it off an orc priest on level 3 of the Dungeon)
Missiles
 b - 22 stones
 j - 16 poisoned darts
 k - 4 boomerangs
 t - 4 atropa-tipped darts
 u - 5 curare-tipped darts (quivered)
Armour
 a - a +1 helmet (worn)
   (You found it on level 1 of the Dungeon)
 c - a +0 robe
 i - a +2 leather armour of poison resistance (worn)
   (You took it off Eustachio on level 4 of the Dungeon)
 l - a +2 robe of resistance
   (You took it off an orc wizard on level 6 of the Dungeon)
 o - the +0 leather armour "Kesuuz" {rC+ Str+2 Dex-3}
   (You found it on level 4 of the Dungeon)

   It affects your strength (+2).
   It affects your dexterity (-3).
   It protects you from cold.
Jewellery
 p - an amulet of the acrobat (around neck)
   (You bought it in a shop on level 4 of the Dungeon)
Scrolls
 d - a scroll of random uselessness
 g - 5 scrolls of teleportation {@r3 !r}
 m - a scroll of immolation
 q - a scroll of vulnerability
 r - a scroll of amnesia
 s - 2 scrolls of fear {!r}
Potions
 h - 2 potions of might {@q3 !q}
 v - a potion of flight


   Skills:
 - Level 4.0 Fighting
 + Level 8.3 Maces & Flails
 + Level 3.1 Dodging
 - Level 2.1 Stealth
 - Level 1.5 Spellcasting
 - Level 1.0 Conjurations
 - Level 0.5 Transmutations
 - Level 4.1 Earth Magic


You had 7 spell levels left.
You knew the following spells:

 Your Spells              Type           Power        Failure   Level
a - Sandblast             Erth           28%          5%          1
b - Stone Arrow           Conj/Erth      18%          32%         3

Your spell library contained the following spells:

 Spells                   Type           Power        Failure   Level
 Passwall                 Tmut/Erth      6%           19%         2
 Confusing Touch          Hex            1%           67%         3
 Gell's Gravitas          Tloc           0%           67%         3
 Petrify                  Tmut/Erth      8%           75%         4
 Lee's Rapid Deconstruct  Erth           7%           83%         5
 Metabolic Englaciation   Hex/Ice        0%           100%        5
 Yara's Violent Unravell  Hex/Tmut       1%           100%        5


Dungeon Overview and Level Annotations

Branches:
Dungeon (10/15)
 Temple: D:4-7         Lair: D:8-11         Orc: D:9-12

Altars:

Shops:
D:4 *   D:7 :(

Annotations:
D:7 Joseph


Innate Abilities, Weirdness & Mutations

You are small and have problems with some larger weapons.
You are somewhat resistant to further mutation.
You are agile. (Dex +2)


Message History

You feel sick.
You see here a +1 dagger of venom.
You feel sick.
An ogre comes into view. It is wielding a +0 giant club.
You feel sick.
The ogre shouts!
You hear an angry buzzing noise. x4
A hound and 2 killer bees come into view.
The killer bee buzzes angrily.
A killer bee comes into view.
The killer bee moves out of view.
Found 12 stones.
You feel sick.
You feel sick.
A centaur comes into view.
A killer bee comes into view.
Really read
g - 6 scrolls of teleportation {@r3 !r}?
As you read the scroll of teleportation {@r3 !r}, it crumbles to dust.
You feel strangely unstable. The killer bee barely misses you.
You feel sick.
The killer bee buzzes angrily.
You hear an angry buzzing noise.
The killer bee misses you.
Unknown command.
Unknown command.
Unknown command.
The killer bee completely misses you.
Your surroundings suddenly seem different.
You feel sick.
A killer bee comes into view.
The killer bee buzzes angrily.
A killer bee comes into view.
The killer bee buzzes angrily.
A killer bee comes into view.
You hear a shout!
Found the +7 captain's cutlass {speed, disarm}.
Found a stone staircase leading down.
Casting: Sandblast (safe; 5% risk of failure)
Confirm with . or Enter, or press ? or * to list all spells.
Aiming: Sandblast (safe; 5% risk of failure)
Press: ? - help, Shift-Dir - straight line, f - killer bee
Aim: a killer bee (42% to evade)
The blast of sand misses the killer bee.
b - 25 stones
Casting: Sandblast (safe; 5% risk of failure)
Confirm with . or Enter, or press ? or * to list all spells.
Aiming: Sandblast (safe; 5% risk of failure)
Press: ? - help, Shift-Dir - straight line, f/p - killer bee
Aim: a killer bee (42% to evade)
The blast of sand misses the killer bee.
b - 24 stones The killer bee buzzes angrily.
The killer bee barely misses you. The killer bee stings you.
The killer bee misses you.
Casting: Sandblast (safe; 5% risk of failure)
Confirm with . or Enter, or press ? or * to list all spells.
Aiming: Sandblast (safe; 5% risk of failure)
Press: ? - help, Shift-Dir - straight line, f/p - killer bee
Aim: a killer bee (42% to evade)
The blast of sand hits the killer bee!
The killer bee is severely wounded.
b - 23 stones You feel sick.
The killer bee barely misses you. The killer bee stings you.
The killer bee stings you!
You are more poisoned.
The killer bee poisons you! The killer bee barely misses you.
You closely miss the killer bee.
The killer bee is severely wounded.
You feel sick. The killer bee stings you.
* * * LOW HITPOINT WARNING * * *
The killer bee misses you. x2
Casting: Sandblast (safe; 5% risk of failure)
Confirm with . or Enter, or press ? or * to list all spells.
Aiming: Sandblast (safe; 5% risk of failure)
Press: ? - help, Shift-Dir - straight line, f/p - killer bee
Aim: a killer bee (severely wounded, 42% to evade)
The blast of sand misses the killer bee.
b - 22 stones The killer bee closely misses you.
The killer bee misses you. The killer bee stings you!
* * * LOW HITPOINT WARNING * * *
You are lethally poisoned!
The killer bee poisons you! The killer bee closely misses you.
The killer bee barely misses you.
A shadow imp comes into view.
The killer bee stings you.
* * * LOW HITPOINT WARNING * * *
* * * LOW HITPOINT WARNING * * *
You feel sick. The killer bee closely misses you.
The killer bee completely misses you. The killer bee misses you.
The killer bee completely misses you. The killer bee stings you.
* * * LOW HITPOINT WARNING * * *
The killer bee barely misses you.
* * * LOW HITPOINT WARNING * * *
You feel sick. The killer bee completely misses you.
The killer bee closely misses you. The killer bee completely misses you.
The killer bee closely misses you. The killer bee completely misses you.
The killer bee barely misses you.
* * * LOW HITPOINT WARNING * * *
You feel sick.
The killer bee completely misses you. x6
* * * LOW HITPOINT WARNING * * *
You feel sick. The killer bee completely misses you. The killer bee stings you.
You die...

...y #.......
..y #..#####
..h #..#
#####..#
.......#
.....########
#..........
#.y........
#.@y..5....
#..y.......
#..........
#...>......
..........)
............
###..........
#.........


You could see 3 killer bees and a shadow imp.

Vanquished Creatures
  Prince Ribbit (D:6)
  Eustachio (D:4)
  Edmund (D:5)
  A water moccasin (D:5)
  An ice beast (D:7)
  A centaur (D:7)
  A phantom (D:6)
  2 scorpions (D:4)
  A wight (D:6)
  A howler monkey (D:5)
  A centaur zombie (D:7)
  3 hounds
  2 bullfrog zombies (D:6)
  A bullfrog skeleton (D:7)
  2 orc priests
  A centaur skeleton (D:6)
  2 orc wizards (D:6)
  4 worker ants
  A worker ant zombie (D:5)
  4 gnolls
  5 adders
  A shadow imp (D:6)
  An ufetubus (D:7)
  2 adder skeletons
  A worm (D:2)
  3 leopard geckos
  15 orcs
  A bat (D:2)
  2 giant cockroaches
  4 goblins
  3 hobgoblins (D:1)
  2 kobolds
  4 quokkas
  2 frilled lizards
  A quokka skeleton (D:7)
  A quokka zombie (D:5)
  3 rats
83 creatures vanquished.

Notes
Turn   | Place    | Note
-------+----------+-------------------------------------------
     0 | D:1      | EnegeticOcto the Halfling Earth Elementalist began the
                  | quest for the Orb.
     0 | D:1      | Reached XP level 1. HP: 11/11 MP: 3/3
    76 | D:1      | Reached XP level 2. HP: 6/17 MP: 0/4
   217 | D:1      | Reached skill level 4 in Earth Magic
   217 | D:1      | Reached XP level 3. HP: 10/21 MP: 0/5
   232 | D:1      | Learned a level 3 spell: Stone Arrow
   634 | D:3      | Reached skill level 1 in Conjurations
   634 | D:3      | Reached skill level 1 in Maces & Flails
   634 | D:3      | Reached XP level 4. HP: 20/27 MP: 1/6
   694 | D:4      | Reached skill level 2 in Maces & Flails
   694 | D:4      | Reached XP level 5. HP: 28/31 MP: 2/7
   784 | D:4      | Reached skill level 3 in Maces & Flails
   788 | D:5      | Entered Level 5 of the Dungeon
   805 | D:5      | Noticed Eustachio
   824 | D:4      | Reached skill level 4 in Maces & Flails
   824 | D:4      | Reached XP level 6. HP: 9/37 MP: 2/8
   943 | D:4      | Killed Eustachio
   944 | D:4      | Reached skill level 2 in Fighting
   944 | D:4      | Reached XP level 7. HP: 12/45 MP: 3/9
  1110 | D:5      | Reached skill level 5 in Maces & Flails
  1152 | D:4      | Got a bloodstained leather armour
  1162 | D:4      | Identified the +0 leather armour "Kesuuz" {rC+ Str+2 Dex-3}
                  | (You found it on level 4 of the Dungeon)
  1247 | D:4      | Found Keamef's Assorted Antiques.
  1333 | D:4      | Bought a dented platinum amulet for 105 gold pieces
  1441 | D:5      | Identified the +1 chain mail "Lagurgh" {Str+3}
  1453 | D:5      | Noticed a water moccasin
  1467 | D:5      | Gained mutation: You are agile. (Dex +2) [potion of
                  | mutation]
  1471 | D:5      | Killed a water moccasin
  1472 | D:5      | Reached skill level 6 in Maces & Flails
  1498 | D:5      | Reached XP level 8. HP: 6/50 MP: 6/10
  1545 | D:5      | Noticed Edmund
  1576 | D:5      | Killed Edmund
  1726 | D:6      | Reached skill level 7 in Maces & Flails
  1977 | D:6      | Noticed Prince Ribbit
  2001 | D:6      | Killed Prince Ribbit
  2002 | D:6      | Reached skill level 8 in Maces & Flails
  2002 | D:6      | Reached skill level 3 in Fighting
  2311 | D:7      | Reached skill level 4 in Fighting
  2311 | D:7      | Reached XP level 9. HP: 8/58 MP: 7/11
  2360 | D:7      | Noticed Joseph
  2416 | D:7      | Found Haemnaaw's Book Shoppe.
  2472 | D:7      | Reached skill level 3 in Dodging
  2476 | D:7      | Found Anuedef's Antique Weapon Boutique.
  2489 | D:7      | You fall into a shaft and drop 3 floors!
  2489 | D:10     | Entered Level 10 of the Dungeon
  2525 | D:9      | Found the +7 captain's cutlass {speed, disarm}
  2533 | D:9      | HP: 2/58 [poisoned by a killer bee]
  2534 | D:9      | Slain by a killer bee

Illustrated notes

Levels and vault maps discovered:
D:1:      lightli_arrival_statuegarden, layout_loops_cross,
          chequers_serial_rivers_room_a
D:2:      layout_loops_ring
D:3:      layout_basic, minmay_liquid_box
D:4:      layout_cave_pools, serial_shops, nicolae_shop_window_shopping
D:5:      layout_basic, uniq_edmund, uniq_eustachio
D:6:      layout_rooms, uniq_prince_ribbit1
D:7:      layout_layer_cave, grunt_temple_overflow_open, temple_hall,
          serial_shops, kennysheep_mini, shop_coins, shop, shop, uniq_pikel,
          uniq_menkaure, uniq_maggie, uniq_joseph
D:9:      layout_small_grid, lemuel_coloured_pillars_altar
D:10:     cheibrodos_orc_bank, layout_loops_cross, palyth_stone_intersect,
          nicolae_looking_at_the_future, uniq_psyche

Skill      XL: |  1  2  3  4  5  6  7  8  9 |
---------------+----------------------------+-----
Earth Magic    | 4 |  4.1
Conjurations   | 1 |  1.0
Maces & Flails | 1 2 4 6 8 |  8.3
Fighting       | 2 4 |  4.0
Dodging        | 3 |  3.1
Stealth        | |  2.1
Spellcasting   | |  1.5
Transmutations | |  0.5

Action                   |  1- 3 |  4- 6 |  7- 9 || total
-------------------------+-------+-------+-------++-------
Melee: Whip              |    29 |    47 |   127 ||   203
       Flail             |       |       |   133 ||   133
Throw: Dart              |       |       |    10 ||    10
 Cast: Sandblast         |    35 |    23 |    38 ||    96
  Use: Potion            |       |     1 |     4 ||     5
       Scroll            |       |       |     9 ||     9
 Stab: Sleeping          |     2 |       |     1 ||     3
Armor: Robe              |     6 |    13 |       ||    19
       Leather armour    |       |       |    68 ||    68
Dodge: Dodged            |    36 |    56 |   207 ||   299

Table legend: (Time is in decaauts)
 A = Elapsed time spent in this place.
 B = Non-inter-level travel time spent in this place.
 C = Inter-level travel time spent in this place.
 D = Time resting spent in this place.
 E = Time spent auto-exploring this place.
 F = Levels seen in this place.
 G = Mean time per level.
                   A        B        C        D        E       F      G
               +--------+--------+--------+--------+--------+-----+--------+
         Total |   2566 |   2432 |    134 |      0 |      0 |   9 |  285.1 |
       Dungeon |   2566 |   2432 |    134 |      0 |      0 |   9 |  285.1 |
               +--------+--------+--------+--------+--------+-----+--------+

Top non-repeatable levels by time:
     D:5: 643 daAuts
     D:4: 551 daAuts
     D:6: 405 daAuts
     D:1: 339 daAuts
     D:3: 246 daAuts
     D:7: 211 daAuts
     D:2: 123 daAuts
     D:9: 40 daAuts
    D:10: 3 daAuts
